Map: White Rabbit LE

Players

HoldTheDoor

  • Race: Protoss Protoss
  • League: Diamond
  • Spawn Location: 1:00

Tunaaaaawen - Winner!

  • Race: Protoss Protoss
  • League: Diamond
  • Spawn Location: 7:00

VOD

Have the link to the VOD?

Description

Time

  • Played on: May 1, 2026, 11:54 a.m.
  • Length: 5:09
Show
View Real Time Build Order
Export as new Build Order

HoldTheDoor Protoss 

Build Orders:  

Get SALT Encoding   

  12  0:00  Probe  
  13  0:12  Probe  
  14  0:18  Pylon  
  14  0:23  Probe  
  15  0:32  Probe  
  15  0:38  Gateway  
  15  0:40  Probe  
  16  0:49  Assimilator  
  17  0:53  Probe  
  18  1:05  Probe  
  18  1:10  Gateway  
  19  1:20  Assimilator  
  19  1:22  Probe  
  20  1:33  Cybernetics Core  
  20  1:34  Probe  
  21  1:41  Pylon  
  21  1:47  Probe  
  22  1:59  Probe  
  18  2:01  Warp Gate  
  23  2:06  Stalker  
  23  2:07  Stalker  
  23  2:11  Probe  
  28  2:16  Pylon  
  28  2:24  Pylon  
  28  2:27  Probe  
  29  2:36  Sentry  
  31  2:39  Probe  
  32  2:58  Shield Battery  
  32  2:59  Pylon  
  32  3:00  Stalker  
  32  3:01  Stalker  
  36  3:08  Pylon  
  36  3:13  Robotics Facility  
  36  3:16  Probe  
  37  3:29  Probe  
  38  3:45  Nexus  
  38  3:50  Zealot  
  38  3:52  Zealot  
  38  3:53  Probe  
  43  4:02  Twilight Council  
  43  4:05  Probe  
  43  4:06  Observer  
  45  4:17  Probe  
  44  4:25  Stalker  
  44  4:27  Stalker  
  44  4:29  Probe  
  41  4:50  Stalker  
  43  4:57  Zealot  
Show
View Real Time Build Order
Export as new Build Order

Tunaaaaawen Protoss - Winner!

Build Orders:  

Get SALT Encoding   

  12  0:00  Probe  
  13  0:12  Probe  
  14  0:18  Pylon  
  14  0:24  Probe  
  15  0:37  Probe  
  15  0:40  Gateway  
  16  0:47  Assimilator  
  16  0:49  Probe  
  17  0:53  Assimilator  
  17  1:01  Probe  
  18  1:08  Gateway  
  18  1:14  Probe  
  19  1:26  Probe  
  20  1:33  Cybernetics Core  
  20  1:36  Pylon  
  20  1:40  Probe  
  21  1:52  Probe  
  22  2:00  Warp Gate  
  22  2:04  Probe  
  23  2:09  Stalker  
  23  2:13  Stalker  
  25  2:16  Probe  
  28  2:38  Stalker  
  28  2:41  Stalker  
  29  2:47  Pylon  
  31  2:57  Gateway  
  31  3:06  Gateway  
  31  3:11  Gateway  
  31  3:14  Stalker x2  
  35  3:33  Pylon  
  35  4:06  Shield Battery  
  35  4:07  Shield Battery, Stalker  
  35  4:08  Stalker x2  
  35  4:09  Pylon  
  35  4:40  Stalker x3  
  35  4:41  Stalker  
  37  5:03  Stalker  
  37  5:04  Stalker x2  
Tags
 
Matchup
PvP
Replay Pack
SC2Mai2026
Spawn Locations
Cross Positions
Add a new tag
Caveats
  • Supply blocks, unpowered buildings, or Contaminate may cause inaccurate times.
  • Supply counts are checked every 10 seconds.